 Dungeon Crawl Stone Soup version 0.17-a0-2220-g6fea741 (webtiles) character file.

54 septik the Twirler (level 3, -1/30 HPs)
             Began as a Minotaur Gladiator on Oct 28, 2015.
             Slain by a gnoll
             ... wielding a +0 halberd
              (6 damage)
             ... on level 2 of the Dungeon.
             The game lasted 00:03:04 (1639 turns).

septik the Twirler (Minotaur Gladiator)             Turns: 1639, Time: 00:03:04

Health: -1/30      AC:  3    Str: 20    XL:     3   Next: 66%
Magic:  2/2        EV:  7    Int:  5    God:
Gold:   55         SH:  0    Dex: 10    Spells: 0 memorised, 2 levels left

rFire  . . .     SeeInvis .     a - +0 quarterstaff
rCold  . . .     Clarity  .     b - +0 leather armour
rNeg   . . .     SustAt   .     (no shield)
rPois  .         Gourm    .     c - +0 hat
rElec  .         Spirit   .     (no cloak)
rCorr  .         Warding  .     (no gloves)
rMut   .         Stasis   .     (no boots)
MR     .....                    (no amulet)
Stlth  +.........               (no ring)
                                (no ring)

@: not resistant to hostile enchantments, very unstealthy
A: retaliatory headbutt, horns 2
a: no special abilities


You were on level 2 of the Dungeon.
You were not hungry.

You visited 1 branch of the dungeon, and saw 2 of its levels.

You collected 55 gold pieces.

Inventory:

Hand Weapons
 a - a +0 quarterstaff (weapon)
Missiles
 d - 3 throwing nets (quivered)
Armour
 b - a +0 leather armour (worn)
 c - a +0 hat (worn)
Jewellery
 i - an uncursed amulet of guardian spirit {unknown}
Scrolls
 l - a scroll of remove curse {unknown}
Potions
 g - a potion of resistance {unknown}
 h - a potion of haste {unknown}
 k - a potion of degeneration {unknown}
Comestibles
 e - a bread ration
 f - 6 chunks of flesh
 j - 5 fruits


   Skills:
 - Level 2.4 Fighting
 + Level 5.5 Staves
 - Level 2.0 Throwing
 - Level 0.2 Armour
 - Level 3.3 Dodging


You had 2 spell levels left.
You didn't know any spells.

Dungeon Overview and Level Annotations

Branches:
Dungeon (2/15)

Altars:
Fedhas
Qazlal

Annotations:
D:2 Sigmund


Innate Abilities, Weirdness & Mutations

You reflexively headbutt those who attack you in melee.
You have a pair of horns on your head.


Message History

The gnoll hits you from afar with a spear.
The gnoll barely misses you.
You sock the gnoll!
The gnoll is severely wounded.
The gnoll hits you from afar with a spear.
You hit the gnoll but do no damage.
The gnoll is severely wounded.
The gnoll hits you with a halberd.
* * * LOW HITPOINT WARNING * * *
The gnoll hits you from afar with a spear.
* * * LOW HITPOINT WARNING * * *
You are too injured to fight recklessly!
The gnoll hits you from afar with a halberd.
* * * LOW HITPOINT WARNING * * *
Found 12 arrows of frost.
The gnoll shouts!
You hear a shout!
You see here a scroll labeled MICEAR HEDUDOA.
There is a stone staircase leading up here.
The gnoll hits you from afar with a halberd.
You die...

######g### #.g.##..........# ##
#(.....# ###.##.####.....# #.
.g############g##..........#####.
.#####............##.............
..g.g..#######g#...#..##########.
######## #.#......# #. #.g.....##
## ###...### #@..# #...# #)..#
#...# ##.## ###


You could see 2 gnolls.

Vanquished Creatures
  An adder (D:2)
  A worm (D:2)
  A ball python (D:2)
  4 hobgoblins
  4 jackals (D:2)
  6 kobolds (D:1)
  7 bats
  3 giant cockroaches
  2 giant geckos (D:1)
  A giant newt (D:1)
  3 goblins
  6 rats
39 creatures vanquished.

Notes
Turn   | Place    | Note
--------------------------------------------------------------
     0 | D:1      | septik the Minotaur Gladiator began the quest for the Orb.
     0 | D:1      | Reached XP level 1. HP: 18/18 MP: 0/0
     0 | D:1      | Noticed a formicid
     0 | D:1      | Noticed a minotaur
     1 | D:1      | Noticed a human
     3 | D:1      | Noticed a ghoul
    14 | D:1      | Noticed a vampire
    17 | D:1      | Noticed a spriggan
    19 | D:1      | Noticed a minotaur
    22 | D:1      | Noticed a vine stalker
    24 | D:1      | Noticed an octopode
    26 | D:1      | Noticed an elf
    26 | D:1      | Noticed an elf
   305 | D:1      | Reached skill level 4 in Staves
   308 | D:1      | Reached XP level 2. HP: 12/25 MP: 1/1
  1001 | D:2      | Noticed Sigmund
  1059 | D:2      | Reached XP level 3. HP: 30/30 MP: 2/2
  1061 | D:2      | Reached skill level 5 in Staves
  1071 | D:2      | Found a stormy altar of Qazlal.
  1439 | D:2      | Found a blossoming altar of Fedhas.
  1603 | D:2      | HP: 1/30 [gnoll/halberd (4)]
  1639 | D:2      | Slain by a gnoll

Vault maps used:
D:1:      shiori_arrival_whats_in_store_for_you, serial_glass, glass_columns_c,
          glass_columns_a, glass_columns_c, glass_columns_b, glass_columns_a,
          glass_columns_a, feat_on_display
D:2:      nicolae_overflow_crystal_walls, minmay_item_behind_shaft,
          hangedman_decor_points, fedhas_altar_2, uniq_iyjb, uniq_sigmund

Action                   || total
-------------------------++-------
Melee: Quarterstaff      ||    76
  Eat: Chunk             ||     2
